 Dungeon Crawl Stone Soup version 0.24.0-37-gcf1ca852f1 (webtiles) character file.

Game seed: 11093375424572108558, levelgen mode: deterministic

43948 Goreval the Stormcaller (level 14, -1/86 HPs)
             Began as a Tengu Air Elementalist on Dec 6, 2019.
             Was a High Priest of Qazlal.
             Slain by a frost giant
             ... wielding a +1 battleaxe of freezing
              (4 damage)
             ... on level 11 of the Dungeon on Dec 7, 2019.
             The game lasted 01:09:18 (23657 turns).

Goreval the Stormcaller (Tengu Air Elementalist)   Turns: 23657, Time: 01:09:18

Health: -1/86      AC: 13    Str: 12    XL:     14   Next: 26%
Magic:  36/36      EV: 22    Int: 20    God:    Qazlal [*****.]
Gold:   762        SH: 14    Dex: 17    Spells: 7/30 levels left

rFire    . . .     SeeInvis .   T - staff of conjuration
rCold    + . .     Gourm    .   s - +3 buckler {reflect}
rNeg     + . .     Faith    .   D - +0 acid dragon scales
rPois    +         Spirit   .   L - +1 hat {MR+}
rElec    .         Reflect  +   y - +2 cloak
rCorr    +         Harm     .   o - +2 pair of gloves
MR       ++...                  (boots unavailable)
Stlth    +.........             d - amulet of magic regeneration
HPRegen  0.24/turn              N - ring "Puaclawk" {rPois rN+ Str+3 Dex+2}
MPRegen  0.50/turn              x - ring of magical power

@: protected from cold, flying quickly and evasively, repel missiles, quick
A: beak, talons 3, able to fly
a: Stop Flying, Upheaval, Elemental Force, Disaster Area, Renounce Religion


You were on level 11 of the Dungeon.
You worshipped Qazlal.
Qazlal was extremely pleased with you.
You were hungry.

You visited 2 branches of the dungeon, and saw 17 of its levels.

You collected 1122 gold pieces.
You spent 360 gold pieces at shops.

Inventory:

Hand Weapons
 w - a +2 dagger of chaos
 J - a +2 dagger of venom
Armour
 o - a +2 pair of gloves (worn)
 s - a +3 buckler of reflection (worn)
 y - a +2 cloak (worn)
 A - a +0 robe of fire resistance
 D - +0 acid dragon scales (worn)
 G - a +1 robe of cold resistance
 L - a +1 hat of magic resistance (worn)
Magical Staves
 S - an uncursed staff of earth
 T - an uncursed staff of conjuration (weapon)
Jewellery
 d - an amulet of magic regeneration (around neck)
 e - a +2 ring of protection
 x - a ring of magical power (right hand)
 I - an uncursed ring of resist corrosion
 N - the ring "Puaclawk" (left hand) {rPois rN+ Str+3 Dex+2}
   (You found it on level 5 of the Lair of Beasts)

   [ring of positive energy]

   It affects your strength (+3).
   It affects your dexterity (+2).
   It protects you from poison.
   It protects you from negative energy.
Wands
 a - a wand of paralysis (5)
 b - a wand of iceblast (16)
 l - a wand of flame (21)
 v - a wand of polymorph (15)
 F - a wand of disintegration (14)
 P - a wand of acid (10)
 Q - a wand of scattershot (3)
Scrolls
 f - 8 scrolls of identify
 g - 5 scrolls of fear
 i - 2 scrolls of blinking
 k - 6 scrolls of magic mapping
 n - 7 scrolls of teleportation
 q - 5 scrolls of enchant armour
 z - 2 scrolls of enchant weapon
 B - 2 scrolls of remove curse
 C - 2 scrolls of noise {unknown}
 K - a scroll of fog
 O - a scroll of immolation {unknown}
Potions
 j - 3 potions of haste
 m - 3 potions of might
 p - 5 potions of agility
 r - a potion of ambrosia
 t - 5 potions of curing
 u - 2 potions of brilliance
 E - a potion of heal wounds
 M - a potion of lignification {unknown}
Miscellaneous
 h - a phantom mirror
 H - a sack of spiders
Comestibles
 c - 16 rations


   Skills:
 + Level 9.4 Fighting
 + Level 0.0 Staves
 + Level 10.4 Dodging
 - Level 2.0 Stealth
 - Level 4.0 Shields
 + Level 8.9 Spellcasting
 - Level 10.0 Conjurations
 * Level 6.1 Summonings
 - Level 2.0 Translocations
 + Level 15.9 Air Magic
 - Level 4.0 Poison Magic
 + Level 6.8 Invocations
 - Level 2.0 Evocations


You had 7 spell levels left.
You knew the following spells:

 Your Spells              Type           Power        Failure   Level  Hunger
a - Shock                 Conj/Air       ####         1%          1    None
b - Airstrike             Air            ######....   1%          4    ###....
c - Lightning Bolt        Conj/Air       ######....   1%          5    #####..
d - Mephitic Cloud        Conj/Pois/Air  ######..     1%          3    None
k - Swiftness             Chrm/Air       #####...     1%          2    None
n - Blink                 Tloc           N/A          8%          2    None
z - Shadow Creatures      Summ           N/A          82%         6    ######.

Your spell library contained the following spells:

 Spells                   Type           Power        Failure   Level  Hunger
 Magic Dart               Conj           ####         1%          1    None
 Sting                    Conj/Pois      ####         1%          1    None
 Call Imp                 Summ           ####....     1%          2    None
 Poisonous Vapours        Pois/Air       #####.       1%          2    None
 Static Discharge         Conj/Air       ######..     1%          3    None
 Throw Frost              Conj/Ice       #####.       2%          2    None
 Conjure Flame            Conj/Fire      #####...     4%          3    None
 Beastly Appendage        Tmut           #.....       12%         1    None
 Freeze                   Ice            #...         12%         1    None
 Silence                  Hex/Air        #####.....   12%         5    #####..
 Throw Icicle             Conj/Ice       #####...     14%         4    ###....
 Spider Form              Tmut/Pois      ###.......   16%         3    None
 Ensorcelled Hibernation  Hex/Ice        #.....       19%         2    None
 Slow                     Hex            #.......     19%         2    None
 Sticks to Snakes         Tmut           #.......     19%         2    None
 Venom Bolt               Conj/Pois      ######....   19%         5    #####..
 Olgreb's Toxic Radiance  Pois           ####....     22%         4    ###....
 Summon Ice Beast         Ice/Summ       ###.....     32%         4    ###....
 Ozocubu's Armour         Chrm/Ice       #.......     34%         3    None
 Ice Form                 Ice/Tmut       #.......     75%         4    ###....
 Blade Hands              Tmut           #.........   97%         5    #####..
 Borgnjor's Vile Clutch   Necr/Erth      #.........   97%         5    #####..
 Darkness                 Hex            #.........   100%        6    ######.


Dungeon Overview and Level Annotations

Branches:
Dungeon (11/15)            Temple (0/1) D:7            Lair (6/6) D:8
 Shoals (0/4) Lair:2        Snake (0/4) Lair:2        Slime (0/5) Lair:5
    Orc: D:9-12

Altars:
Cheibriados
Dithmenos
Kikubaaqudgha
Makhleb
Qazlal
Sif Muna
Uskayaw
Vehumet
Wu Jian
Xom
Yredelemnul

Shops:
D:8 [

Annotations:
Lair:4 3 runed translucent doors, Exporg's ghost, journeyman GrFi


Innate Abilities, Weirdness & Mutations

You have a beak for a mouth.
You have claws for feet.
You can fly continuously.


Message History

There is a stone staircase leading down here.
You fly downwards.
The frost giant shouts!
The orc shouts!
You hear an angry hiss.
You hear a shout!
You hear an angry hiss.
The orc misses you.
The frost giant points at you and mumbles some strange words.
The bolt of cold hits you!!!
You feel protected from cold.
Ouch! That really hurt!
* * * LOW HITPOINT WARNING * * *
There is a stone staircase leading up here.
Unknown command.
Okay, then.
You hear a shout!
You block the orc's attack.
The frost giant hits you with a +1 battleaxe of freezing!!
* * * LOW HITPOINT WARNING * * *
You feel more protected from cold. The frost giant freezes you.
You die...

#######################
.................o.....
........l..C(....###.8.
######(##########.....
########.#### #..#....
.....°.o....###..##D#...
.....○.@C☼###..###.#.#.#
..........#8....(.......
#...#######....#o###.#.#
#.. #....#...#.##.# #.
#...#.###..# # # #.#.#.#
#.#.... # #..o #.#....
#.# ...##.# #.. ...# .#


You could see a frost giant, a komodo dragon and an orc.

Vanquished Creatures
  Snorg (Lair:3)
  7 hydras
  An ice dragon (shapeshifter) (D:9)
  3 catoblepae (Lair:6)
  A centaur warrior (D:11)
  7 death yaks
  Pikel (D:4)
  2 manticores (Lair:6)
  5 oklob plants (Lair:5)
  3 black mambas
  7 elephants
  6 spiny frogs
  3 rime drakes
  8 komodo dragons
  A merfolk (D:9)
  A troll (D:9)
  A polar bear (Lair:6)
  Prince Ribbit (D:5)
  6 blink frogs (Lair:4)
  7 hippogriffs
  Sigmund (D:5)
  A wraith (D:11)
  A shadow (D:11)
  4 fire bats (Lair:2)
  A wyvern (D:11)
  A fire elemental (Lair:2)
  4 hungry ghosts
  38 yaks
  4 basilisks
  2 steam dragons
  A naga (Lair:2)
  2 wargs (D:8)
  4 water moccasins
  2 acid dragons (Lair:4)
  2 hell hounds (Lair:1)
  Duvessa (D:5)
  4 porcupines
  5 sky beasts
  3 ice beasts
  An orc warrior (D:8)
  A black bear (D:4)
  A slave (D:4)
  2 necrophages
  5 ogres
  4 phantoms
  19 wolves
  5 centaurs
  4 crocodiles
  2 big kobolds
  10 bullfrogs
  A wyvern zombie (D:9)
  Dowan (D:5)
  2 scorpions
  4 wights
  A howler monkey (D:6)
  A bullfrog zombie (D:10)
  9 crimson imps
  2 orc priests
  5 hounds
  A bullfrog skeleton (D:10)
  3 centaur skeletons
  6 iguanas
  10 orc wizards
  7 worker ants
  A hound zombie (D:8)
  A gnoll (D:1)
  8 adders
  A howler monkey skeleton (D:8)
  4 shadow imps
  An ooze (D:1)
  An adder zombie (D:9)
  3 worms
  2 dart slugs
  5 leopard geckos
  19 orcs
  3 ball pythons
  3 giant cockroaches
  13 goblins
  13 hobgoblins
  17 jackals
  6 quokkas
  8 bats
  5 frilled lizards
  A jackal skeleton (D:8)
  A jackal zombie (D:5)
  17 kobolds
  A leopard gecko skeleton (D:5)
  11 rats
  A fungus (Lair:1)
  A plant (Lair:4)
407 creatures vanquished.

Vanquished Creatures (others)
  2 slaves (D:5)
  A centaur (D:10)
  A bullfrog skeleton (D:11)
  A kobold (D:10)
  7 fungi
  5 plants
17 creatures vanquished.

Grand Total: 424 creatures vanquished

Notes
Turn   | Place    | Note
-------+----------+-------------------------------------------
     0 | D:1      | Goreval the Tengu Air Elementalist began the quest for the
                  | Orb.
     0 | D:1      | Reached XP level 1. HP: 10/10 MP: 4/4
   147 | D:1      | Reached XP level 2. HP: 8/15 MP: 1/6
   324 | D:1      | Learned a level 2 spell: Swiftness
   706 | D:1      | Reached XP level 3. HP: 20/20 MP: 1/7
  1122 | D:2      | Reached skill level 1 in Fighting
  1204 | D:2      | Reached XP level 4. HP: 25/25 MP: 5/8
  1284 | D:2      | Found a shadowy altar of Dithmenos.
  1618 | D:2      | Reached skill level 5 in Air Magic
  1729 | D:2      | You fall into a shaft and drop 1 floor!
  1738 | D:3      | Gained mutation: You can fly continuously. [Tengu growth]
  1738 | D:3      | Reached XP level 5. HP: 29/29 MP: 6/9
  1798 | D:2      | Found a faded altar of an unknown god.
  2456 | D:4      | Noticed a black bear
  2462 | D:4      | Killed a black bear
  2462 | D:4      | Reached XP level 6. HP: 35/35 MP: 5/11
  2483 | D:4      | Learned a level 4 spell: Airstrike
  2551 | D:4      | Found a hide-covered altar of Uskayaw.
  2883 | D:4      | Reached skill level 6 in Air Magic
  2912 | D:4      | Reached skill level 5 in Conjurations
  2972 | D:4      | Reached XP level 7. HP: 16/40 MP: 4/12
  3258 | D:4      | Found a shimmering altar of Xom.
  3820 | D:5      | Entered Level 5 of the Dungeon
  4007 | D:5      | Noticed Prince Ribbit
  4007 | D:5      | Noticed Sigmund
  4030 | D:5      | Killed Sigmund
  4030 | D:5      | Reached skill level 7 in Air Magic
  4030 | D:5      | Reached XP level 8. HP: 16/46 MP: 14/14
  4554 | D:5      | Noticed Duvessa
  4554 | D:5      | Noticed Dowan
  4554 | D:5      | Noticed Pikel
  4575 | D:4      | Killed Pikel
  4575 | D:4      | Reached skill level 8 in Air Magic
  5460 | D:4      | Reached skill level 5 in Dodging
  5460 | D:4      | Reached XP level 9. HP: 45/52 MP: 16/16
  5575 | D:5      | Reached skill level 9 in Air Magic
  5589 | D:5      | Learned a level 5 spell: Lightning Bolt
  5658 | D:5      | Killed Duvessa
  5805 | D:5      | Killed Dowan
  5875 | D:5      | Killed Prince Ribbit
  6521 | D:6      | Found a basalt altar of Yredelemnul.
  7610 | D:7      | Found a stormy altar of Qazlal.
  7618 | D:7      | Became a worshipper of Qazlal Stormbringer
  7820 | D:7      | Reached skill level 5 in Spellcasting
  7820 | D:7      | Reached skill level 10 in Air Magic
  8088 | D:7      | Found a staircase to the Ecumenical Temple.
  8154 | D:7      | Reached skill level 5 in Fighting
  8265 | D:7      | Reached XP level 10. HP: 59/59 MP: 12/18
  8653 | D:7      | Learned a level 3 spell: Mephitic Cloud
  8656 | D:7      | Learned a level 2 spell: Blink
  8667 | D:7      | Found a radiant altar of Vehumet.
  8669 | D:7      | Reached skill level 10 in Conjurations
  8682 | D:7      | Found an ancient bone altar of Kikubaaqudgha.
  8694 | D:7      | Found a shimmering blue altar of Sif Muna.
  8990 | D:8      | Found Recaotirr's Armour Shop.
  8993 | D:8      | Bought a +2 buckler of reflection for 222 gold pieces
  8993 | D:8      | Bought a +1 cloak for 138 gold pieces
  9202 | D:8      | Reached skill level 1 in Shields
  9617 | D:8      | Reached * piety under Qazlal
 10017 | D:8      | Found a staircase to the Lair.
 10069 | D:8      | Found a burning altar of Makhleb.
 10190 | D:8      | Found an ornate altar of the Wu Jian Council.
 10662 | D:9      | Reached skill level 1 in Translocations
 11427 | D:9      | Reached skill level 1 in Poison Magic
 11492 | D:9      | Reached skill level 1 in Invocations
 11925 | D:10     | Entered Level 10 of the Dungeon
 11960 | D:10     | Reached skill level 11 in Air Magic
 12299 | D:11     | Noticed a green ugly thing
 12341 | D:10     | Reached ** piety under Qazlal
 12415 | D:10     | Reached XP level 11. HP: 64/64 MP: 20/20
 13192 | D:11     | Noticed a centaur warrior
 13211 | D:11     | Killed a centaur warrior
 13328 | D:11     | Noticed a shining eye
 13330 | D:11     | Noticed a two-headed ogre
 13330 | D:11     | a shining eye changed into a two-headed ogre
 13349 | D:10     | Noticed a glowing orange brain
 13349 | D:10     | an elephant changed into a glowing orange brain
 13351 | D:10     | Noticed a moth of wrath
 13351 | D:10     | a glowing orange brain changed into a moth of wrath
 13354 | D:10     | Noticed a glowing shapeshifter
 13354 | D:10     | a moth of wrath changed into a glowing shapeshifter
 13355 | D:10     | Noticed a faun
 13355 | D:10     | a glowing shapeshifter changed into a faun
 13356 | D:10     | Noticed a wolf spider
 13356 | D:10     | a faun changed into a wolf spider
 13363 | D:10     | Noticed a fire dragon
 13363 | D:10     | a wolf spider changed into a fire dragon
 13366 | D:10     | Noticed an ice dragon
 13366 | D:10     | a fire dragon changed into an ice dragon
 13368 | D:10     | Noticed an eight-headed hydra
 13368 | D:10     | an ice dragon changed into an eight-headed hydra
 13376 | D:10     | an eight-headed hydra changed into a tyrant leech
 13720 | D:10     | Noticed a fire dragon
 13725 | D:9      | Noticed a spark wasp
 13725 | D:9      | a fire dragon changed into a spark wasp
 13730 | D:9      | Noticed an ice dragon
 13730 | D:9      | a spark wasp changed into an ice dragon
 13734 | D:9      | Killed an ice dragon
 13734 | D:9      | Reached skill level 12 in Air Magic
 14010 | D:11     | Noticed a frost giant
 14315 | D:11     | Noticed a white ugly thing
 14315 | D:11     | Noticed a four-headed hydra
 14397 | Lair:1   | Entered Level 1 of the Lair of Beasts
 14410 | Lair:1   | Noticed a six-headed hydra
 14466 | D:8      | Killed a six-headed hydra
 15487 | Lair:1   | Reached XP level 12. HP: 66/71 MP: 23/23
 15578 | Lair:1   | Reached skill level 13 in Air Magic
 16585 | Lair:2   | Found a staircase to the Shoals.
 16766 | Lair:2   | Reached *** piety under Qazlal
 16882 | Lair:2   | Found a staircase to the Snake Pit.
 17313 | Lair:3   | Noticed a six-headed hydra
 17325 | Lair:3   | Killed a six-headed hydra
 17858 | Lair:3   | Noticed Snorg
 17998 | Lair:3   | Noticed a seven-headed hydra
 18013 | Lair:3   | Killed a seven-headed hydra
 18281 | Lair:4   | Found a snail-covered altar of Cheibriados.
 18283 | Lair:4   | Reached skill level 14 in Air Magic
 18603 | Lair:4   | Reached skill level 5 in Invocations
 18691 | Lair:4   | Found a runed translucent gate.
 18691 | Lair:4   | Noticed Exporg's ghost (journeyman GrFi)
 18692 | Lair:4   | Found a runed translucent gate.
 18693 | Lair:4   | Found a runed translucent gate.
 19522 | Lair:3   | Killed Snorg
 19522 | Lair:3   | Reached XP level 13. HP: 78/78 MP: 4/25
 19855 | Lair:5   | Found a staircase to the Slime Pits.
 19862 | Lair:5   | Reached skill level 15 in Air Magic
 20263 | Lair:4   | Reached skill level 1 in Evocations
 20900 | Lair:5   | Learned a level 6 spell: Shadow Creatures
 20923 | Lair:5   | Got a glittering golden ring
 20927 | Lair:5   | Identified the ring "Puaclawk" {rPois rN+ Str+3 Dex+2} (You
                  | found it on level 5 of the Lair of Beasts)
 20937 | Lair:6   | Entered Level 6 of the Lair of Beasts
 20938 | Lair:6   | Reached **** piety under Qazlal
 20955 | Lair:5   | Reached skill level 1 in Summonings
 21655 | Lair:5   | Reached skill level 10 in Dodging
 22138 | Lair:6   | Reached XP level 14. HP: 86/86 MP: 18/27
 22151 | Lair:6   | Reached skill level 5 in Summonings
 22264 | Lair:6   | Got a bronze plate armour
 22823 | Lair:6   | Reached ***** piety under Qazlal
 23657 | D:11     | HP: 3/86 [frost giant/+1 battleaxe of freezing (20)]
 23657 | D:11     | Slain by a frost giant

Levels and vault maps discovered:
D:1:      evilmike_arrival_rings, layout_basic, minmay_heptomino_l4
D:2:      cheibrodos_greedy_goblins, layout_basic, grunt_dithmenos_smoke,
          chequers_ecumenical_altar_island, chequers_serial_rivers_small_b,
          dk_vineyard_2, minmay_liquid_box, minmay_misc_feat_chi,
          minmay_close_crescents
D:3:      layout_rooms, nicolae_underground_beach
D:4:      layout_loops_corners, marbit_many_paths, led_xom_imps
D:5:      layout_rooms, first_ration, uniq_duvessa, uniq_prince_ribbit1,
          uniq_pikel, uniq_sigmund
D:6:      layout_basic, nicolae_overflow_hidden_temple, serial_glass,
          glass_columns_a, glass_columns_a, glass_columns_b, glass_columns_a
D:7:      layout_layer_cave, palyth_temple_overflow_mages, temple_green,
          st_stairs_14, nicolae_qazlal_eye_of_the_storm
D:8:      layout_cave_pods, kennysheep_little_box,
          lemuel_coloured_pillars_altar, erik_lair_orcish_takeover,
          serial_shops, nicolae_shop_behind_doors, serial_column_ruins,
          column_ruins_hut, column_ruins_square_small, column_ruins_open_large,
          column_ruins_grid_4, column_ruins_open_tiny, column_ruins_open_small
D:9:      layout_loops_corners, hangedman_fish_farm
D:10:     layout_cave_pools
D:11:     minmay_complete_graph, layout_long_grid, david_orc_2, st_stairs_11
Lair:1:   layout_chaotic_city, enter_volcano_3
Lair:2:   layout_gridlike, minmay_shoals_entry_centaurs,
          minmay_snake_entry_guardpost_small, chequers_serial_rivers_small_a
Lair:3:   layout_cave_pods, uniq_snorg
Lair:4:   layout_regular_city, gammafunk_ghost_necromancy, basic_altar,
          guppyfry_lair_drakes
Lair:5:   layout_long_grid, minmay_slime_entry_oklob_open
Lair:6:   evilmike_catoblepas_cave, layout_regular_city, grunt_megastairs_1

Skill      XL: |  1  2  3  4  5  6  7  8  9 10 11 12 13 14 |
---------------+-------------------------------------------+-----
Conjurations   | 2 3 4 5 6 8 9 10 | 10.0
Fighting       | 1 2 3 4 5 6 8 9 |  9.4
Air Magic      | 5 6 7 8 10 11 12 14 15 | 15.9
Dodging        | 3 4 5 6 7 9 10 | 10.4
Spellcasting   | 3 4 5 6 7 8 |  8.9
Shields        | 4 |  4.0
Translocations | 2 |  2.0
Poison Magic   | 2 4 |  4.0
Invocations    | 1 3 5 6 |  6.8
Evocations     | 2 |  2.0
Summonings     | 4 6 |  6.1
Stealth        | |  2.0

Action                   |  1- 3 |  4- 6 |  7- 9 | 10-12 | 13-15 || total
-------------------------+-------+-------+-------+-------+-------++-------
Melee: Unarmed           |     1 |       |       |       |       ||     1
       Dagger            |       |       |     3 |    24 |    55 ||    82
       Peck              |       |       |     2 |     5 |    14 ||    21
       Kick              |       |       |       |    10 |    21 ||    31
 Cast: Shock             |    86 |   120 |   282 |   437 |    12 ||   937
       Airstrike         |       |       |    14 |    70 |    41 ||   125
       Lightning Bolt    |       |       |       |   104 |    95 ||   199
       Mephitic Cloud    |       |       |       |     5 |       ||     5
       Blink             |       |       |       |     5 |       ||     5
       Swiftness         |       |       |       |     2 |       ||     2
 Abil: Fly               |       |       |     1 |       |       ||     1
Evoke: Wand              |       |       |       |       |     1 ||     1
  Use: Potion            |       |       |     1 |     2 |       ||     3
       Scroll            |       |       |    17 |     7 |       ||    24
  Eat: Chunk             |     2 |     7 |    14 |    39 |    29 ||    91
       Ration            |       |       |     1 |     9 |     3 ||    13
Armor: Robe              |     7 |     5 |    31 |    74 |       ||   117
       Acid dragon scale |       |       |       |       |    28 ||    28
Dodge: Dodged            |    19 |    19 |   128 |   280 |   108 ||   554
       Deflected         |       |       |       |       |     1 ||     1
Block: Buckler           |       |       |       |   212 |   100 ||   312
       Reflection        |       |       |       |    12 |     3 ||    15
       Other             |       |       |       |     2 |       ||     2
